 Dungeon Crawl Stone Soup version 0.16.2-12-gd0ad4c3 (webtiles) character file.

236 BarneyGumball the Chopper (level 5, -2/43 HPs)
             Began as a Demonspawn Berserker on Sept 28, 2015.
             Was an Elder of Trog.
             Slain by an orc priest (5 damage)
             ... on level 4 of the Dungeon.
             The game lasted 00:15:11 (5152 turns).

BarneyGumball the Chopper (Demonspawn Berserker)    Turns: 5152, Time: 00:15:11

Health: -2/43      AC:  6    Str: 17    XL:     5   Next: 77%
Magic:  5/5        EV: 12    Int: 14    God:    Trog [****..]
Gold:   244        SH:  0    Dex: 13    Spells: 0 memorised, 4 levels left

rFire  . . .     SeeInvis .     a - +0 hand axe
rCold  . . .     Clarity  .     m - +0 leather armour
rNeg   . . .     SustAb   .     (no shield)
rPois  .         Gourm    .     (no helmet)
rElec  .         Spirit   .     (no cloak)
rCorr  .         Warding  .     t - +0 pair of gloves
rMut   .         Stasis   .     (no boots)
MR     .....                    (no amulet)
Stlth  +.........               (no ring)
                                (no ring)

@: brilliant, not resistant to hostile enchantments, very unstealthy
A: hooves 1, yellow scales 1
a: Burn Spellbooks, Berserk, Trog's Hand, Brothers in Arms, Renounce Religion


You were on level 4 of the Dungeon.
You worshipped Trog.
Trog was greatly pleased with you.
You were hungry.

You visited 1 branch of the dungeon, and saw 4 of its levels.

You collected 244 gold pieces.

Inventory:

Hand weapons
 a - a +0 hand axe (weapon)
 u - a +2 dagger of venom
Armour
 m - a +0 leather armour (worn)
 t - a +0 pair of gloves (worn)
Magical devices
 p - a wand of polymorph (14)
Scrolls
 b - a scroll of magic mapping {unknown}
 d - 3 scrolls of enchant armour {unknown}
 f - 8 scrolls of identify {unknown}
 h - a scroll of random uselessness {unknown}
 j - 6 scrolls of teleportation {unknown}
 n - a scroll of blinking {unknown}
 q - 3 scrolls of immolation {unknown}
 s - 3 scrolls of amnesia {unknown}
Potions
 c - a potion of flight {unknown}
 e - a potion of haste {unknown}
 g - a potion of resistance {unknown}
 r - a potion of heal wounds {unknown}
Comestibles
 k - 2 bread rations


   Skills:
 + Level 4.6 Fighting
 * Level 4.9 Axes
 - Level 1.7 Armour
 - Level 2.0 Dodging


You had 4 spell levels left.
You didn't know any spells.

Dungeon Overview and Level Annotations

Branches:
Dungeon (4/15)
 Temple: D:4-7

Altars:
Ashenzari
Dithmenos
Jiyva


Innate Abilities, Weirdness & Mutations

You have large cloven feet.
You are partially covered in yellow scales (AC +2).


Message History

Things that are here:
a hand axe; a curare-tipped needle; 4 chunks of flesh You now have 244 gold pieces (gained 5).
You start resting.
The orc priest looks braver.
You hit the orc priest.
You kick the orc priest, but do no damage.
The orc priest is moderately wounded.
The orc priest hits you.
* * * LOW HITPOINT WARNING * * *
You closely miss the orc priest.
The orc priest is moderately wounded.
The orc priest mumbles some strange prayers to Beogh against you.
Pain shoots through your body!
* * * LOW HITPOINT WARNING * * *
Drink which item? (? for menu, Esc to quit)
It was a potion of brilliance.
You feel clever all of a sudden. The orc priest hits you.
You die...

#...#.# ..#
#...#.######...#
#.$............#
#.......)# #.#
##.#.###.# #.# #.#
#.# #.# #.# #)# #.#
#o###(####.###.#
#.@............#
#...)........########
#######.####.........
#(# #.######## #.#
#.# ######.# #.#
##### #...##.# #.#
#....
#.##########......#
##.####.###
#.........##...####
#..........


You could see an orc priest.

Vanquished Creatures
  An orc wizard (D:3)
  Ijyb (D:3)
  6 adders
  5 gnolls
  A giant mite (D:2)
  A worm (D:2)
  6 giant geckos
  7 orcs
  7 bats
  4 hobgoblins
  3 jackals (D:1)
  4 giant cockroaches
  4 giant newts
  15 goblins
  13 kobolds
  8 rats
86 creatures vanquished.

Notes
Turn   | Place    | Note
--------------------------------------------------------------
     0 | D:1      | BarneyGumball, the Demonspawn Berserker, began the quest for the Orb.
     0 | D:1      | Reached XP level 1. HP: 18/18 MP: 1/1
    38 | D:1      | Found a viscous altar of Jiyva.
    38 | D:1      | Noticed a jelly
    38 | D:1      | Noticed a jelly
    39 | D:1      | Noticed a jelly
   144 | D:1      | Noticed a jelly
   376 | D:1      | Gained mutation: You have large cloven feet. [demonic ancestry]
   376 | D:1      | Reached XP level 2. HP: 17/24 MP: 2/2
   696 | D:1      | Acquired Trog's second power
   965 | D:1      | Reached XP level 3. HP: 12/29 MP: 3/3
  2114 | D:2      | Found a shattered altar of Ashenzari.
  2302 | D:2      | Reached skill level 4 in Fighting
  2426 | D:2      | Gained mutation: You are partially covered in yellow scales (AC +2). [demonic ancestry]
  2426 | D:2      | Reached XP level 4. HP: 37/37 MP: 4/4
  3432 | D:3      | Reached XP level 5. HP: 42/42 MP: 5/5
  3758 | D:3      | Found a shadowy altar of Dithmenos.
  3780 | D:3      | Noticed Ijyb
  3809 | D:3      | Killed Ijyb
  4136 | D:3      | Acquired Trog's third power
  5152 | D:4      | Slain by an orc priest

Action                   |  1- 3 |  4- 6 || total
-------------------------+-------+-------++-------
Melee: Hand axe          |   159 |   164 ||   323
Invok: Berserk           |       |     2 ||     2
  Use: Potion            |       |     5 ||     5
  Eat: Bread ration      |     1 |       ||     1
       Chunk             |       |     4 ||     4
       Meat ration       |       |     1 ||     1
       Beef jerky        |       |     1 ||     1
